 Dungeon Crawl Stone Soup version 0.31-a0-473-g61b50ae490 (webtiles) character file.

Game seed: 11229083509787599175

19076 KarmaticGoose the Fighter (level 12, -4/110 HPs)
             Began as a Troll Wanderer on Aug 6, 2023.
             Was a High Priest of Hepliaklqana.
             Slain by a naga mage
             ... wielding a +0 spear
              (7 damage)
             ... on level 1 of the Snake Pit.
             The game lasted 01:03:36 (9596 turns).

KarmaticGoose the Fighter (Troll Wanderer)          Turns: 9596, Time: 01:03:36

Health: -4/110     AC:  4    Str: 38    XL:     12   Next: 33%
Magic:  0/11       EV: 10    Int: 14    God:    Hepliaklqana [*****.]
Gold:   543        SH:  0    Dex:  6    Spells: 11/11 levels left

rFire   . . .        a - +4 quarterstaff (chaos)
rCold   . . .        (shield currently unavailable)
rNeg    . . .        c - +0 robe
rPois   .            (helmet restricted)
rElec   .            (no cloak)
rCorr   .            (gloves unavailable)
SInv    .            (boots unavailable)
Will    .....        D - amulet of guardian spirit
Stlth   ++           g - +6 ring of strength
HPRegen 1.18/turn    r - +6 ring of strength
MPRegen 0.12/turn

%: guardian spirit
@: lethally poisoned (-4 -> -5), about to teleport, invisible
A: reduced essence, large, unfitting armour, claws 3, regeneration 1, shaggy fur
1, tough skin 1, clever 1, evolution 1, MP-powered wands
a: Renounce Religion, Recall Ancestor, Ancestor Identity, Transference, Idealise


You were on level 1 of the Snake Pit.
You worshipped Hepliaklqana.
Hepliaklqana was extremely pleased with you.
You visited 3 branches of the dungeon, and saw 13 of its levels.
You also visited: Ossuary.

You collected 543 gold pieces.

Inventory:

Hand Weapons
 a - a +4 quarterstaff of chaos (weapon)
 b - a +2 trident of freezing
 y - a +2 spear
Missiles
 e - 3 throwing nets
Armour
 c - a +0 robe (worn)
 E - a +0 helmet
Jewellery
 f - a +6 ring of dexterity
 g - a +6 ring of strength (left claw)
 r - a +6 ring of strength (right claw)
 C - a ring of protection from cold
 D - an amulet of guardian spirit (around neck)
 L - a +5 ring of evasion
Talismans
 B - a dragon-blood talisman
Wands
 x - a wand of light (7)
 A - a wand of iceblast (6)
 F - a wand of polymorph (6)
 G - a wand of mindburst (1)
 I - a wand of charming (4)
Scrolls
 d - 2 scrolls of silence
 i - 2 scrolls of vulnerability
 j - 2 scrolls of teleportation
 l - a scroll of amnesia {unknown}
 q - a scroll of revelation {unknown}
 v - a scroll of fog {unknown}
 w - a scroll of enchant armour {unknown}
 z - a scroll of fear {unknown}
 K - 3 scrolls of poison
Potions
 h - a potion of invisibility
 k - a potion of brilliance {unknown}
 m - a potion of resistance {unknown}
 o - a potion of haste
 p - a potion of might
 t - 3 potions of attraction
 u - 2 potions of degeneration
 H - 3 potions of enlightenment


   Skills:
 * Level 9.1 Fighting
 * Level 8.9(10.4) Polearms
 + Level 8.4(10.1) Staves
 + Level 6.4 Dodging
 + Level 3.1 Stealth
 + Level 2.5 Unarmed Combat
 + Level 1.0 Invocations
 + Level 3.7 Evocations


You had 11 spell levels left.
You didn't know any spells.
Your spell library contained the following spells:

 Spells                   Type           Power      Damage    Failure   Level
 Blink                    Tloc           0%         N/A       41%         2
 Ensorcelled Hibernation  Hex/Ice        0%         N/A       41%         2
 Lesser Beckoning         Tloc           0%         N/A       41%         2
 Momentum Strike          Conj/Tloc      0%         3d8       41%         2
 Passwall                 Tmut/Erth      0%         N/A       41%         2
 Wereblood                Tmut           0%         N/A       41%         2
 Summon Guardian Golem    Hex/Summ       0%         N/A       65%         3
 Swiftness                Air            0%         N/A       65%         3
 Irradiate                Conj/Tmut      0%         3d11      100%        5
 Orb of Destruction       Conj           0%         9d5       100%        7
 Spellforged Servitor     Conj/Summ      0%         N/A       100%        7


Dungeon Overview and Level Annotations

Branches:
Dungeon (10/15)            Temple (0/1) D:4            Lair (2/5) D:10
  Snake (1/4) Lair:2      Ossuary (visited)
  Swamp: Lair:2-3    Shoals: Lair:2-3       Orc: D:9-12

Altars:
Cheibriados
Hepliaklqana
Makhleb
Trog
Wu Jian
Yredelemnul
Zin

Shops:
D:4 [   D:9 *

Portals:
Trove: D:10 (give 2 scrolls of acquirement)

Annotations:
Lair:1 1 runed translucent door
Snake:1 Josephine


Innate Abilities, Weirdness & Mutations

Your life essence is reduced to manifest your ancestor. (-10% HP)
You are too large for most types of armour.
You have claws for hands.
Your natural rate of healing is unusually fast.
You are covered in fur. (AC +1)
You have tough skin. (AC +1)
Your mind is acute. (Int +4, Str/Dex -1)
You have hidden genetic potential.
You expend magic power (3 MP) to strengthen your wands.


Message History

The splash of poison hits you.
You are poisoned.
* * * LOW HITPOINT WARNING * * *
The naga mage constricts you.
* * * LOW HITPOINT WARNING * * *
As you read the scroll of teleportation, it crumbles to dust.
You feel strangely unstable.
You feel sick. The naga mage hits you with a +0 spear!
* * * LOW HITPOINT WARNING * * *
The naga mage constricts you.
* * * LOW HITPOINT WARNING * * *
The naga mage falters for a moment.
The naga mage constricts you.
* * * LOW HITPOINT WARNING * * *
Okay, then.
It was a potion of mutation.
You feel extremely strange.
You feel a hidden potential growing inside you.
You feel your magical essence link to the dungeon's wands.
You feel clever.
You feel sick. The naga mage spits poison at you.
The splash of poison hits you!
You are more poisoned.
* * * LOW HITPOINT WARNING * * *
The naga mage constricts you.
* * * LOW HITPOINT WARNING * * *
The naga mage's grasp on you weakens, but your attempt to escape fails.
Septima emerges from the mists of memory!
You feel sick.
The naga mage casts a spell at the naga mage.
The naga mage seems to grow toxic.
The naga mage constricts you.
* * * LOW HITPOINT WARNING * * *
The naga mage hits you but does no damage.
The naga mage constricts you.
* * * LOW HITPOINT WARNING * * *
The naga mage gestures at the naga mage while chanting.
The naga mage seems to grow toxic.
You don't have enough magic at the moment.
You escape the naga mage's grasp.
You feel sick.
The naga mage hits you from afar with a +0 spear!
You die...

#..
........####.###
..#......).)..#.#
.........####...###
..#..... #...†...
....... #.......
#N##### #.......
#N# #....... #.#
#....... #@#
#.<.†... ####R####
########.
#.......#.... .
#.........# #
#.......###
#.......# #########


You could see the friendly Septima the battlemage and 2 naga magi.

Vanquished Creatures
  2 two-headed ogres
  A cane toad (Lair:1)
  2 rime drakes
  A kobold demonologist (D:10)
  A hornet (D:8)
  2 wyverns (D:10)
  20 yaks
  4 humans (D:7)
  A basilisk (D:10)
  A naga (Snake:1)
  6 water moccasins
  An orc warrior (D:10)
  9 wolves
  A phantom (D:5)
  2 kobold brigands
  7 bullfrogs
  A gnoll sergeant (D:8)
  2 scorpions
  4 wights (D:6)
  5 killer bees
  4 electric eels (D:8)
  4 howler monkeys
  2 centaur zombies (Ossuary)
  2 jellies
  An orc priest (D:7)
  2 gnoll boudas
  Crazy Yiuf (D:3)
  2 iguanas
  Ijyb (D:3)
  Natasha (D:3)
  2 orc wizards (D:8)
  2 mummies
  7 adders
  5 gnolls
  A white imp (D:8)
  2 ufetubi (D:10)
  A worm (D:3)
  3 dart slugs (D:2)
  14 orcs
  6 bats
  2 giant cockroaches
  7 goblins
  7 hobgoblins
  4 kobolds
  3 quokkas
  8 ball pythons
  3 frilled lizards
  3 goblin zombies
  3 hobgoblin zombies (Ossuary)
  3 kobold zombies (Ossuary)
  9 orc zombies
  2 rats
190 creatures vanquished.

Vanquished Creatures (collateral kills)
  A shock serpent (Snake:1)
  An elephant (Lair:1)
  A guardian serpent (Lair:2)
  5 black mambas
  A torpor snail (Lair:1)
  A cane toad (Lair:2)
  2 komodo dragons
  A rime drake (Lair:1)
  2 hornets (D:8)
  2 wyverns
  A ynoxinul (D:10)
  A human (D:7)
  6 yaks
  3 water moccasins
  An orc warrior (D:8)
  An ice beast (D:7)
  A centaur (D:7)
  10 wolves
  2 phantoms
  6 bullfrogs
  2 scorpions
  5 wights (D:6)
  9 killer bees
  An electric eel (D:8)
  2 centaur zombies (Ossuary)
  A human zombie (Ossuary)
  A jelly (D:5)
  An iguana (D:5)
  2 sleepcaps
  An orc wizard (D:6)
  A mummy (Ossuary)
  Robin (D:3)
  3 adders
  7 gnolls
  3 ufetubi
  3 worms
  9 orcs
  A ball python (D:3)
  5 endoplasms
  A giant cockroach (D:4)
  10 goblins
  6 hobgoblins (D:3)
  5 kobolds
  A quokka (D:4)
  2 goblin zombies (Ossuary)
  4 hobgoblin zombies (Ossuary)
  4 kobold zombies (Ossuary)
  5 orc zombies (Ossuary)
  2 rats
  A rat zombie (Ossuary)
148 creatures vanquished.

Vanquished Creatures (others)
  A howler monkey (D:8)
  12 battlemagi
  An ancestor (D:2)
  A goblin (D:8)
15 creatures vanquished.

Grand Total: 353 creatures vanquished

Notes
Turn   | Place    | Note
-------+----------+-------------------------------------------
     0 | D:1      | KarmaticGoose the Troll Wanderer began the quest for the
                  | Orb.
     0 | D:1      | KarmaticGoose set off with the following items: a +2 spear,
                  | a potion of attraction, a +0 robe, a scroll of silence.
     0 | D:1      | Reached XP level 1. HP: 19/19 MP: 0/0
   103 | D:1      | Reached XP level 2. HP: 24/27 MP: 1/1
   152 | D:1      | Found a faded altar of an unknown god.
   176 | D:1      | Prayed at the altar of an unknown god.
   176 | D:1      | Became a worshipper of Hepliaklqana the Forgotten
   176 | D:1      | Reached * piety under Hepliaklqana
   324 | D:2      | Reached XP level 3. HP: 29/29 MP: 2/2
   540 | D:2      | Reached XP level 4. HP: 36/36 MP: 3/3
   850 | D:2      | Reached ** piety under Hepliaklqana
   851 | D:2      | Remembered your ancestor Septima as a battlemage
  1011 | D:3      | Noticed Ijyb
  1222 | D:3      | Found a glowing silver altar of Zin.
  1248 | D:3      | Noticed Robin
  1256 | D:3      | Reached XP level 5. HP: 26/44 MP: 4/4
  1256 | D:3      | Killed Robin
  1342 | D:3      | Killed Ijyb
  1381 | D:3      | Noticed Natasha
  1391 | D:3      | Killed Natasha
  1401 | D:3      | Found a runed translucent door.
  1402 | D:3      | Noticed Crazy Yiuf
  1570 | D:3      | Killed Crazy Yiuf
  1571 | D:3      | Reached skill level 2 in Fighting
  1649 | D:4      | Found a staircase to the Ecumenical Temple.
  1706 | D:4      | Reached XP level 6. HP: 31/51 MP: 5/5
  1784 | D:4      | Found Pouxoin's Armour Boutique.
  2176 | D:5      | Entered Level 5 of the Dungeon
  2176 | D:5      | Noticed a water moccasin
  2322 | D:5      | Reached skill level 1 in Staves
  2322 | D:5      | Reached XP level 7. HP: 50/59 MP: 6/6
  2403 | D:5      | Reached skill level 3 in Fighting
  2912 | D:5      | Found an ornate altar of the Wu Jian Council.
  3017 | D:6      | Reached *** piety under Hepliaklqana
  3140 | D:6      | Reached XP level 8. HP: 67/70 MP: 7/7
  3200 | D:6      | Reached skill level 4 in Fighting
  3200 | D:6      | Reached skill level 5 in Polearms
  3301 | D:6      | Found a hazy altar of Hepliaklqana.
  4173 | D:7      | Found a bloodstained altar of Trog.
  4217 | D:7      | Found a burning altar of Makhleb.
  4476 | D:7      | Reached XP level 9. HP: 75/78 MP: 8/8
  4480 | D:7      | Reached skill level 5 in Fighting
  4485 | D:7      | Reached skill level 5 in Staves
  4672 | D:7      | Reached **** piety under Hepliaklqana
  4887 | D:7      | Found a basalt altar of Yredelemnul.
  5053 | D:8      | Found a sand-covered staircase.
  5112 | Ossuary  | Entered an ossuary
  5429 | D:8      | Found a snail-covered altar of Cheibriados.
  5434 | D:8      | Paralysed by a hornet for 2 turns
  5631 | D:8      | Paralysed by a hornet for 1 turns
  5633 | D:8      | Reached skill level 6 in Fighting
  5727 | D:8      | Reached XP level 10. HP: 73/88 MP: 6/9
  5820 | D:8      | Reached ***** piety under Hepliaklqana
  7169 | D:9      | Noticed a two-headed ogre
  7177 | D:9      | Killed a two-headed ogre
  7178 | D:9      | Reached skill level 7 in Fighting
  7178 | D:9      | Reached skill level 5 in Dodging
  7329 | D:9      | Found Diker's Assorted Antiques.
  7341 | D:10     | Entered Level 10 of the Dungeon
  7345 | D:10     | Noticed a two-headed ogre
  7352 | D:10     | Killed a two-headed ogre
  7353 | D:10     | Reached XP level 11. HP: 98/98 MP: 10/10
  7695 | D:10     | Found a portal to a secret trove of treasure.
  7882 | D:10     | Found a staircase to the Lair.
  8023 | Lair:1   | Entered Level 1 of the Lair of Beasts
  8096 | Lair:1   | Noticed a dire elephant
  8096 | Lair:1   | Noticed a catoblepas
  8128 | Lair:1   | Found a runed translucent door.
  8444 | Lair:1   | Reached skill level 8 in Fighting
  9167 | Lair:2   | Identified the +0 leather armour "Binovuok" {Will+}
  9194 | Lair:2   | Reached XP level 12. HP: 105/109 MP: 9/11
  9223 | Lair:2   | Found a staircase to the Snake Pit.
  9445 | Snake:1  | Entered Level 1 of the Snake Pit
  9463 | Snake:1  | Reached skill level 9 in Fighting
  9573 | Snake:1  | Noticed a naga warrior
  9581 | Snake:1  | Noticed Josephine
  9594 | Snake:1  | Gained mutation: You have hidden genetic potential. [potion
                  | of mutation]
  9594 | Snake:1  | Gained mutation: You expend magic power (3 MP) to
                  | strengthen your wands. [potion of mutation]
  9594 | Snake:1  | Gained mutation: Your mind is acute. (Int +4, Str/Dex -1)
                  | [potion of mutation]
  9595 | Snake:1  | HP: 5/110 [poisoned by a naga mage (splash of poison)]
  9596 | Snake:1  | Slain by a naga mage

Illustrated notes

Levels and vault maps discovered:
D:1:      dpeg_arrival_simpleton_c, layout_basic,
          hellmonk_ecumenical_altar_blasted
D:2:      kennysheep_six_static_rooms, layout_basic
D:3:      layout_basic, lemuel_round_altar, uniq_robin, uniq_crazy_yiuf_cottage,
          uniq_ijyb, uniq_natasha
D:4:      layout_cave_pools, minmay_temple_entry_trees, serial_shops,
          kennysheep_mini, hangedman_abyss_or_decor_jellyfish_corner,
          nicolae_twisty_statue_hallways
D:5:      layout_loops_cross, overflow_temple_1_default, kennysheep_nondescript
D:6:      layout_gridville, nicolae_overflow_crystal_walls
D:7:      layout_basic, bloody_trog, mainiacjoe_overflow_concentric_impassable,
          mainiacjoe_overflow_24_doors, minmay_ruffians
D:8:      layout_loops_corners, kennysheep_little_box, enter_bailey_5,
          nicolae_ossuary_entry_giza, corexii_corridor_pit,
          chequers_serial_rivers_large_a, chequers_big_river
D:9:      layout_basic, serial_curves, eino_curves_02, eino_curves_02,
          serial_shops, shop
D:10:     layout_basic, fedhas_altar_2, minmay_lair_entry_grove,
          trove_entry_hex_spiral, minivault_25, kennysheep_nub,
          nicolae_fort_ynox, uniq_sonja, uniq_amaemon
Lair:1:   gammafunk_lair_enchanted_lake, layout_gridlike
Lair:2:   layout_misc_corridors, minmay_snake_entry_spellcaster,
          nicolae_quartered_pool_impasse, grunt_megastairs_1
Snake:1:  layout_rooms, uniq_aizul, uniq_frances, uniq_josephine

Skill      XL: |  1  2  3  4  5  6  7  8  9 10 11 12 |
---------------+-------------------------------------+-----
Polearms       | 2 3 4 5 6 7 8 |  8.9
Dodging        | 2 3 4 5 6 |  6.4
Fighting       | 2 3 4 6 7 8 9 |  9.1
Staves         | 1 2 4 6 7 8 |  8.4
Stealth        | 2 3 |  3.1
Evocations     | 2 3 |  3.7
Unarmed Combat | |  2.5
Invocations    | |  1.0

Action                     |  1- 3 |  4- 6 |  7- 9 | 10-12 || total
---------------------------+-------+-------+-------+-------++-------
  Melee: Spear             |    99 |    22 |       |       ||   121
         Punch             |     1 |     2 |     1 |       ||     4
         Trident           |       |    39 |    53 |   103 ||   195
         Quarterstaff      |       |    39 |   133 |   173 ||   345
 Invoke: Ancestor Identity |     1 |       |       |       ||     1
         Ancestor Life: Ba |       |     1 |       |       ||     1
         Recall Ancestor   |       |       |       |     1 ||     1
  Evoke: Wand              |       |       |     4 |    46 ||    50
    Use: Scroll            |       |     6 |     7 |    16 ||    29
         Potion            |       |       |     7 |    12 ||    19
   Stab: Sleeping          |     2 |     3 |     2 |       ||     7
         Distracted        |       |     1 |     1 |     2 ||     4
         Invisible         |       |       |     1 |       ||     1
 Armour: Robe              |    35 |    28 |    47 |    59 ||   169
  Dodge: Dodged            |    46 |    38 |   100 |   171 ||   355

Table legend: (Time is in decaauts)
 A = Elapsed time spent in this place.
 B = Non-inter-level travel time spent in this place.
 C = Inter-level travel time spent in this place.
 D = Time resting spent in this place.
 E = Time spent auto-exploring this place.
 F = Levels seen in this place.
 G = Mean time per level.
                   A        B        C        D        E       F      G
               +--------+--------+--------+--------+--------+-----+--------+
         Total |   9544 |   8715 |    829 |    530 |   5516 |  14 |  681.7 |
       Dungeon |   7780 |   7210 |    570 |    349 |   4730 |  10 |  778.0 |
          Lair |   1399 |   1167 |    232 |    113 |    719 |   2 |  699.5 |
     Snake Pit |    146 |    119 |     27 |     68 |      1 |   1 |  146.0 |
       Ossuary |    219 |    219 |      0 |      0 |     66 |   1 |  219.0 |
               +--------+--------+--------+--------+--------+-----+--------+

Top non-repeatable levels by time:
     D:8: 1452 daAuts
  Lair:1: 1100 daAuts
     D:6: 1096 daAuts
     D:7: 935 daAuts
     D:2: 846 daAuts
     D:5: 796 daAuts
    D:10: 652 daAuts
     D:9: 622 daAuts
     D:3: 568 daAuts
     D:4: 563 daAuts
  Lair:2: 298 daAuts
     D:1: 246 daAuts
 Ossuary: 219 daAuts
 Snake:1: 146 daAuts
